 Dungeon Crawl Stone Soup version 0.26.0-10-g1f06aea511 (webtiles) character file.

Game seed: 15146548106275089947

40 Aviak the Chiller (level 3, 0/19 HPs)
             Began as a Tengu Ice Elementalist on Jan 19, 2021.
             Slain by Terence
             ... wielding a +0 mace
              (8 damage)
             ... on level 2 of the Dungeon.
             The game lasted 00:01:30 (1280 turns).

Aviak the Chiller (Tengu Ice Elementalist)          Turns: 1280, Time: 00:01:30

Health: 0/19       AC:  2    Str:  8    XL:     3   Next: 50%
Magic:  5/8        EV: 12    Int: 16    God:
Gold:   16         SH:  0    Dex: 14    Spells: 0/7 levels left

rFire    . . .     SeeInvis +   g - +0 short sword
rCold    . . .     Faith    .   (no shield)
rNeg     . . .     Spirit   .   a - +0 robe
rPois    .         Reflect  .   (helmet restricted)
rElec    .         Harm     .   (no cloak)
rCorr    .         Rampage  .   (no gloves)
Will     .....                  (boots unavailable)
Stlth    ++........             (no amulet)
HPRegen  0.06/turn              Z - ring of see invisible
MPRegen  0.11/turn              (no ring)

@: frozen ramparts
A: beak, talons 3
a: no special abilities


You were on level 2 of the Dungeon.
You visited 1 branch of the dungeon, and saw 2 of its levels.

You collected 16 gold pieces.

Inventory:

Hand Weapons
 c - a +0 dagger
 g - a +0 short sword (weapon)
Armour
 a - a +0 robe (worn)
Jewellery
 Z - a ring of see invisible (left hand)
Scrolls
 d - a scroll of identify {unknown}
 e - a scroll of remove curse {unknown}
Potions
 b - 3 potions of might {unknown}
 f - a potion of magic {unknown}


   Skills:
 - Level 2.1 Dodging
 - Level 2.0 Stealth
 + Level 2.8 Spellcasting
 + Level 4.2 Ice Magic


You couldn't memorise any spells.
You knew the following spells:

 Your Spells              Type           Power        Failure   Level
a - Freeze                Ice            60%          3%          1
b - Frozen Ramparts       Ice            30%          10%         3
c - Ozocubu's Armour      Ice            15%          10%         3

Your spell library contained the following spells:

 Spells                   Type           Power        Failure   Level
 Hailstorm                Conj/Ice       9%           63%         4
 Summon Ice Beast         Ice/Summ       9%           63%         4


Dungeon Overview and Level Annotations

Branches:
Dungeon (2/15)

Altars:

Annotations:
D:2 Terence


Innate Abilities, Weirdness & Mutations

You have a beak for a mouth.
You have claws for feet.


Message History

The wall freezes the bat.
The bat barely misses you.
The wall freezes the bat.
The bat hits you.
The wall freezes the bat.
The bat barely misses you.
You barely miss the bat. You claw the bat.
You kill the bat!
The wall freezes the adder.
The wall freezes Terence.
You hit Terence.
Terence is moderately wounded.
The wall freezes the adder.
The wall freezes Terence.
Terence hits you with a +0 mace.
The wall freezes the adder.
You hit Terence but do no damage. You peck Terence, but do no damage.
Terence is heavily wounded.
The wall freezes the adder.
The adder seems to slow down.
The wall freezes the adder.
You kill the adder!
The wall freezes the frilled lizard.
The frilled lizard seems to slow down.
The wall freezes Terence.
Terence misses you.
You hit Terence but do no damage. You peck Terence, but do no damage.
Terence is heavily wounded.
The wall freezes Terence.
Terence hits you with a +0 mace!
You die...

#. ..# ... ###.#
#.###.#
......#.#... #
#.#l..#.#.####.###
.............><...
#.@...)......#
#...#.#..l#.#### #
#...#@#.#
#...#@#.#
#...#.#.#
##..#.... ##.#.##)
#.#.# . #...# .[#
..#


You could see Terence and a frilled lizard (slow).

Vanquished Creatures
  An adder (D:2)
  An ooze (D:1)
  2 dart slugs (D:1)
  A leopard gecko (D:2)
  4 bats
  A giant cockroach (D:1)
  2 goblins (D:1)
  2 hobgoblins (D:1)
  2 kobolds
  3 frilled lizards (D:1)
  3 rats (D:1)
22 creatures vanquished.

Notes
Turn   | Place    | Note
-------+----------+-------------------------------------------
     0 | D:1      | Aviak the Tengu Ice Elementalist began the quest for the
                  | Orb.
     0 | D:1      | Reached XP level 1. HP: 10/10 MP: 4/4
   227 | D:1      | Reached XP level 2. HP: 13/15 MP: 1/6
   573 | D:1      | Reached skill level 4 in Ice Magic
   884 | D:1      | Reached XP level 3. HP: 19/19 MP: 7/7
  1258 | D:2      | Learned a level 3 spell: Frozen Ramparts
  1262 | D:2      | Learned a level 3 spell: Ozocubu's Armour
  1267 | D:2      | Noticed Terence
  1280 | D:2      | Slain by Terence

Illustrated notes

Levels and vault maps discovered:
D:1:      dpeg_arrival_arbitrary_c, layout_basic
D:2:      kennysheep_big_flooded_room, layout_basic,
          wander_ebering_terrifying_dragon_lair, uniq_natasha, uniq_terence,
          uniq_jessica

Skill      XL: |  1  2 |
---------------+-------+-----
Ice Magic      | 4 |  4.2
Dodging        | |  2.1
Stealth        | |  2.0
Spellcasting   | |  2.8

Action                   || total
-------------------------++-------
Melee: Unarmed           ||    10
       Kick              ||     7
       Peck              ||     5
       Dagger            ||     9
       Short sword       ||     9
 Cast: Freeze            ||    18
       Frozen Ramparts   ||     1
 Stab: Sleeping          ||     4
Armor: Robe              ||     9
Dodge: Dodged            ||    29
